[ AOE2 MATCH · #495748083 ]
UnrankedPersians vs Koreans
Player's team · LOSS
Rival team · WIN
[ REPLAY ANALYSIS · EXTRACTED FROM THE RECORDED GAME ]
Feudal
8:29
Castle
15:58
Imperial
—
| APM avg | 63.8 |
| APM peak | 97 |
| eAPM avg | 25.6 |
| Villagers / military | 95 / 117 |
Focus
⚔️ 42.5% · 🌾 57.5%
Skirmisher ×67 · Knight ×29 · Monk ×17 · Mangonel ×3 · Spearman ×1
Feudal
10:56
Castle
15:03
Imperial
—
| APM avg | 68.6 |
| APM peak | 108 |
| eAPM avg | 41.6 |
| Villagers / military | 173 / 70 |
Focus
⚔️ 64.0% · 🌾 36.0%
War Wagon ×43 · Iron Pagoda ×14 · Monk ×12 · Battering Ram ×1
Match map
Initial resources + every placement click. Lines = walls · curves = elevation contours. ◆ gold · ⬟ stone · ● berries · ✦ relic · ◌ wall gap
Your base· Open — opponent sealed themselves in
CNZS_Daniel's base· ✓ Closed at 15:03 · 42t walls · no gate
Smoothed initial terrain · ◌ = detected wall gap · hover for details
Inputs per minute
— KSV - - CNZS_Daniel
Build order — KSV
First 150 of 327 actions detected
| 0:00 | Create | Villager (Male) |
| 0:00 | Create | Villager (Male) |
| 0:01 | Create | Villager (Male) |
| 0:01 | Create | Villager (Male) |
| 0:02 | Build | House |
| 0:03 | Build | House |
| 0:16 | Create | Villager (Male) |
| 1:29 | Create | Villager (Male) |
| 1:49 | Build | Lumber Camp |
| 2:00 | Create | Villager (Male) |
| 2:13 | Create | Villager (Male) |
| 3:12 | Create | Villager (Male) |
| 3:21 | Create | Villager (Male) |
| 3:36 | Create | Villager (Male) |
| 3:42 | Build | House |
| 4:11 | Build | House |
| 4:15 | Create | Villager (Male) |
| 4:35 | Create | Villager (Male) |
| 4:47 | Build | Palisade Wall |
| 4:48 | Build | Palisade Wall |
| 5:03 | Build | Mill |
| 5:06 | Create | Villager (Male) |
| 5:21 | Create | Villager (Male) |
| 5:36 | Create | Villager (Male) |
| 5:43 | Build | Palisade Wall |
| 5:51 | Research | Loom |
| 6:25 | Research | Feudal Age |
| 6:54 | Build | Barracks |
| 7:49 | Build | House |
| 8:22 | Build | House |
| 8:23 | Create | Villager (Male) |
| 8:29 | Age | Feudal Age |
| 8:46 | Create | Villager (Male) |
| 8:53 | Build | Palisade Wall |
| 9:00 | Create | Spearman |
| 9:08 | Build | Mining Camp |
| 9:13 | Create | Villager (Male) |
| 9:17 | Build | Market |
| 9:32 | Create | Villager (Male) |
| 9:44 | Build | Palisade Wall |
| 9:56 | Create | Villager (Male) |
| 10:20 | Create | Villager (Male) |
| 10:27 | Build | Blacksmith |
| 10:36 | Build | Palisade Wall |
| 10:37 | Create | Villager (Male) |
| 10:44 | Build | Palisade Wall |
| 10:58 | Create | Villager (Male) |
| 11:23 | Build | Palisade Wall |
| 11:27 | Create | Villager (Male) |
| 11:47 | Build | House |
| 11:52 | Create | Villager (Male) |
| 11:53 | Build | Farm |
| 11:54 | Build | Farm |
| 12:10 | Build | Farm |
| 12:11 | Create | Villager (Male) |
| 12:35 | Create | Villager (Male) |
| 12:42 | Build | Farm |
| 12:59 | Build | Farm |
| 13:00 | Create | Villager (Male) |
| 13:33 | Research | Castle Age |
| 14:11 | Research | Double-Bit Axe |
| 14:22 | Build | Archery Range |
| 14:52 | Build | Farm |
| 15:03 | Research | Horse Collar |
| 15:27 | Create | Skirmisher |
| 15:33 | Build | Farm |
| 15:42 | Research | Gold Mining |
| 15:47 | Create | Skirmisher |
| 15:55 | Build | House |
| 15:58 | Build | House |
| 15:58 | Age | Castle Age |
| 16:00 | Create | Villager (Male) |
| 16:13 | Build | Monastery |
| 16:16 | Create | Villager (Male) |
| 16:22 | Research | Fletching |
| 16:22 | Research | Fletching |
| 16:26 | Create | Skirmisher |
| 16:26 | Create | Skirmisher |
| 16:34 | Build | House |
| 16:43 | Create | Villager (Male) |
| 16:46 | Create | Skirmisher |
| 16:49 | Create | Villager (Male) |
| 16:52 | Build | Farm |
| 16:54 | Build | Farm |
| 16:55 | Create | Monk |
| 17:19 | Create | Villager (Male) |
| 17:26 | Create | Skirmisher |
| 17:31 | Build | Palisade Gate |
| 17:36 | Create | Villager (Male) |
| 17:48 | Create | Monk |
| 17:50 | Create | Skirmisher |
| 17:54 | Build | Farm |
| 17:56 | Build | Farm |
| 17:58 | Build | House |
| 18:03 | Research | Bodkin Arrow |
| 18:03 | Research | Bodkin Arrow |
| 18:17 | Build | Farm |
| 18:28 | Create | Villager (Male) |
| 18:29 | Create | Villager (Male) |
| 18:38 | Create | Monk |
| 18:47 | Create | Skirmisher |
| 18:48 | Create | Villager (Male) |
| 18:56 | Create | Villager (Male) |
| 19:15 | Research | Elite Skirmisher (upgrade) |
| 19:16 | Research | Elite Skirmisher (upgrade) |
| 19:24 | Create | Villager (Male) |
| 19:34 | Create | Villager (Male) |
| 19:37 | Create | Villager (Male) |
| 19:46 | Create | Monk |
| 19:57 | Create | Skirmisher |
| 20:16 | Create | Villager (Male) |
| 20:21 | Build | House |
| 20:26 | Build | House |
| 20:28 | Build | House |
| 20:33 | Create | Villager (Male) |
| 20:44 | Create | Villager (Male) |
| 21:09 | Research | Fervor |
| 21:12 | Build | University |
| 21:15 | Build | House |
| 21:18 | Build | Palisade Wall |
| 21:25 | Create | Skirmisher |
| 21:29 | Research | Bow Saw |
| 21:30 | Create | Villager (Male) |
| 21:34 | Create | Skirmisher |
| 21:44 | Build | Farm |
| 21:53 | Create | Skirmisher |
| 21:58 | Create | Skirmisher |
| 22:29 | Create | Villager (Male) |
| 22:38 | Create | Villager (Male) |
| 22:44 | Create | Skirmisher |
| 22:45 | Create | Villager (Male) |
| 22:47 | Build | Stable |
| 22:48 | Research | Ballistics |
| 22:52 | Create | Monk |
| 22:58 | Build | Farm |
| 23:14 | Create | Skirmisher |
| 23:17 | Build | Farm |
| 23:23 | Create | Knight |
| 23:31 | Build | House |
| 23:31 | Build | House |
| 23:42 | Create | Villager (Male) |
| 23:48 | Create | Knight |
| 23:55 | Research | Man-at-Arms (upgrade) |
| 24:11 | Build | House |
| 24:13 | Create | Villager (Male) |
| 24:25 | Create | Knight |
| 24:28 | Create | Skirmisher |
| 24:30 | Build | Archery Range |
| 24:35 | Build | Farm |
| 24:41 | Create | Knight |
Build order — CNZS_Daniel
First 150 of 390 actions detected
| 0:00 | Create | Villager (Male) |
| 0:01 | Create | Villager (Male) |
| 0:02 | Build | House |
| 0:03 | Build | House |
| 0:07 | Create | Villager (Male) |
| 0:08 | Create | Villager (Male) |
| 0:08 | Create | Villager (Male) |
| 1:24 | Create | Villager (Male) |
| 1:57 | Build | Lumber Camp |
| 2:00 | Create | Villager (Male) |
| 2:00 | Create | Villager (Male) |
| 2:13 | Create | Villager (Male) |
| 2:42 | Create | Villager (Male) |
| 3:15 | Create | Villager (Male) |
| 3:34 | Create | Villager (Male) |
| 3:34 | Create | Villager (Male) |
| 3:53 | Build | House |
| 4:04 | Create | Villager (Male) |
| 4:04 | Create | Villager (Male) |
| 4:05 | Create | Villager (Male) |
| 4:05 | Create | Villager (Male) |
| 4:21 | Create | Villager (Male) |
| 4:21 | Create | Villager (Male) |
| 4:34 | Build | Mill |
| 4:45 | Create | Villager (Male) |
| 4:45 | Create | Villager (Male) |
| 4:56 | Build | House |
| 5:18 | Create | Villager (Male) |
| 5:18 | Create | Villager (Male) |
| 5:27 | Create | Villager (Male) |
| 5:30 | Build | Palisade Wall |
| 5:59 | Build | Palisade Wall |
| 6:03 | Create | Villager (Male) |
| 6:09 | Create | Villager (Male) |
| 6:10 | Create | Villager (Male) |
| 6:18 | Build | Palisade Wall |
| 6:20 | Create | Villager (Male) |
| 6:20 | Create | Villager (Male) |
| 6:26 | Build | Palisade Wall |
| 6:33 | Build | House |
| 6:41 | Build | Palisade Wall |
| 6:42 | Build | Palisade Wall |
| 6:47 | Build | Palisade Wall |
| 6:47 | Build | Palisade Wall |
| 6:52 | Create | Villager (Male) |
| 6:52 | Create | Villager (Male) |
| 6:54 | Build | Palisade Wall |
| 6:55 | Build | Palisade Wall |
| 7:03 | Build | Palisade Wall |
| 7:20 | Create | Villager (Male) |
| 7:20 | Create | Villager (Male) |
| 7:20 | Create | Villager (Male) |
| 7:21 | Create | Villager (Male) |
| 7:33 | Build | Palisade Wall |
| 7:44 | Build | Farm |
| 8:04 | Research | Feudal Age |
| 8:18 | Create | Villager (Male) |
| 8:19 | Research | Feudal Age |
| 8:25 | Build | Mining Camp |
| 9:16 | Create | Villager (Male) |
| 9:16 | Create | Villager (Male) |
| 9:36 | Build | Palisade Wall |
| 9:49 | Build | Palisade Wall |
| 9:50 | Build | Palisade Wall |
| 9:52 | Build | Palisade Wall |
| 10:23 | Create | Villager (Male) |
| 10:56 | Age | Feudal Age |
| 10:56 | Research | Loom |
| 11:00 | Build | Market |
| 11:39 | Build | Blacksmith |
| 12:23 | Research | Castle Age |
| 12:23 | Research | Castle Age |
| 13:02 | Research | Double-Bit Axe |
| 13:02 | Research | Double-Bit Axe |
| 13:52 | Build | House |
| 13:54 | Build | House |
| 14:03 | Create | Villager (Male) |
| 14:10 | Build | Farm |
| 14:56 | Build | House |
| 15:03 | Age | Castle Age |
| 15:04 | Build | Castle |
| 15:06 | Build | Mining Camp |
| 15:08 | Create | Villager (Male) |
| 15:10 | Build | Farm |
| 15:13 | Build | Farm |
| 15:18 | Create | Villager (Male) |
| 15:33 | Create | Villager (Male) |
| 15:37 | Research | Fletching |
| 15:37 | Research | Fletching |
| 15:55 | Build | Monastery |
| 16:00 | Create | War Wagon |
| 16:01 | Create | War Wagon |
| 16:14 | Build | Farm |
| 16:15 | Create | Villager (Male) |
| 16:15 | Create | Villager (Male) |
| 16:27 | Create | War Wagon |
| 16:28 | Create | War Wagon |
| 16:31 | Build | Farm |
| 16:37 | Create | Villager (Male) |
| 16:38 | Create | Villager (Male) |
| 16:53 | Research | Loom |
| 16:57 | Create | Monk |
| 16:57 | Create | Monk |
| 17:17 | Create | War Wagon |
| 17:17 | Create | War Wagon |
| 17:28 | Build | Farm |
| 17:33 | Create | War Wagon |
| 17:33 | Create | War Wagon |
| 17:50 | Create | War Wagon |
| 17:51 | Create | Villager (Male) |
| 17:51 | Create | Villager (Male) |
| 17:51 | Create | Villager (Male) |
| 18:16 | Create | War Wagon |
| 18:16 | Create | War Wagon |
| 18:22 | Create | Villager (Male) |
| 18:22 | Create | Villager (Male) |
| 18:31 | Create | Monk |
| 18:36 | Build | Farm |
| 18:50 | Create | Villager (Male) |
| 19:16 | Research | Bodkin Arrow |
| 19:16 | Research | Bodkin Arrow |
| 19:19 | Build | Farm |
| 19:34 | Create | Monk |
| 19:42 | Create | Villager (Male) |
| 19:42 | Create | Villager (Male) |
| 19:59 | Create | War Wagon |
| 19:59 | Create | War Wagon |
| 20:13 | Create | Villager (Male) |
| 20:13 | Create | Villager (Male) |
| 20:13 | Create | Villager (Male) |
| 20:22 | Create | War Wagon |
| 20:22 | Create | War Wagon |
| 20:22 | Create | War Wagon |
| 20:32 | Create | Villager (Male) |
| 20:39 | Build | Siege Workshop |
| 20:48 | Create | Villager (Male) |
| 20:49 | Create | Villager (Male) |
| 21:03 | Create | War Wagon |
| 21:18 | Create | Villager (Male) |
| 21:18 | Create | Villager (Male) |
| 21:25 | Create | Iron Pagoda |
| 21:31 | Research | Horse Collar |
| 21:31 | Research | Horse Collar |
| 21:52 | Create | Villager (Male) |
| 21:52 | Create | Villager (Male) |
| 21:58 | Create | Iron Pagoda |
| 22:29 | Create | Iron Pagoda |
| 22:41 | Create | Villager (Male) |
| 22:47 | Create | Villager (Male) |
| 22:47 | Create | Villager (Male) |
Match timeline
| 4:47 | KSV · wall_segment Palisade Wall x4 |
| 4:48 | KSV · wall_segment Palisade Wall x1 |
| 5:30 | CNZS_Daniel · wall_segment Palisade Wall x6 |
| 5:43 | KSV · wall_segment Palisade Wall x11 |
| 5:59 | CNZS_Daniel · wall_segment Palisade Wall x3 |
| 6:18 | CNZS_Daniel · wall_segment Palisade Wall x6 |
| 6:26 | CNZS_Daniel · wall_segment Palisade Wall x3 |
| 6:41 | CNZS_Daniel · wall_segment Palisade Wall x1 |
| 6:42 | CNZS_Daniel · wall_segment Palisade Wall x1 |
| 6:47 | CNZS_Daniel · wall_segment Palisade Wall x3 |
| 6:47 | CNZS_Daniel · wall_segment Palisade Wall x1 |
| 6:54 | KSV · first_building Barracks |
| 6:54 | CNZS_Daniel · wall_segment Palisade Wall x1 |
| 6:55 | CNZS_Daniel · wall_segment Palisade Wall x1 |
| 7:03 | CNZS_Daniel · wall_segment Palisade Wall x4 |
| 7:33 | CNZS_Daniel · wall_segment Palisade Wall x3 |
| 8:29 | KSV · age_up feudal |
| 8:53 | KSV · wall_segment Palisade Wall x13 |
| 9:36 | CNZS_Daniel · wall_segment Palisade Wall x3 |
| 9:44 | KSV · wall_segment Palisade Wall x1 |
| 9:49 | CNZS_Daniel · wall_segment Palisade Wall x2 |
| 9:50 | CNZS_Daniel · wall_segment Palisade Wall x1 |
| 9:52 | CNZS_Daniel · wall_segment Palisade Wall x3 |
| 10:13 | KSV · first_market_sell 500 stone |
| 10:36 | KSV · wall_segment Palisade Wall x1 |
| 10:44 | KSV · wall_segment Palisade Wall x1 |
| 10:56 | CNZS_Daniel · age_up feudal |
| 11:23 | KSV · wall_segment Palisade Wall x7 |
| 11:34 | KSV · first_market_buy 100 food |
| 11:53 | CNZS_Daniel · first_market_sell 100 stone |
| 12:20 | CNZS_Daniel · first_market_buy 100 food |
| 14:22 | KSV · first_building Archery Range |
| 15:03 | CNZS_Daniel · age_up castle |
| 15:04 | CNZS_Daniel · first_building Castle |
| 15:55 | CNZS_Daniel · first_building Monastery |
| 15:58 | KSV · age_up castle |
| 16:13 | KSV · first_building Monastery |
| 20:39 | CNZS_Daniel · first_building Siege Workshop |
| 21:18 | KSV · wall_segment Palisade Wall x1 |
| 22:47 | KSV · first_building Stable |
| 31:48 | KSV · first_building Siege Workshop |
| 38:51 | CNZS_Daniel · first_building Barracks |
| 39:26 | KSV · resign |
[ AI ANALYSIS · 1 CREDIT ]
What really happened in this match?
Wolo.gg analyzes every decision: build order, eco, micro, common mistakes by bracket. Personalized analysis on WhatsApp or Discord in 30 seconds.
Civ guide
Persians
Perfil
Jugador #20557174